Newfoundland Shamrocks vs Adelaide Pink Elephants
Created - Friday, August 25, 2023 at 06:42
Goals
|
| Newfoundland Shamrocks |
1 |
0 |
2 |
0 |
2 |
4 |
| Adelaide Pink Elephants |
2 |
0 |
1 |
0 |
0 |
3 |
|
Shots
|
| Newfoundland Shamrocks |
11 |
9 |
5 |
0 |
2 |
25 |
| Adelaide Pink Elephants |
20 |
13 |
5 |
0 |
2 |
38 |
|
1st period
1. Adelaide Pink Elephants , Matthew Phillips 2 (Fredrik Olofsson 1, Tyson Foerster 2) at 12:28
2. Newfoundland Shamrocks , Alex Galchenyuk 2 (Drew O'Connor 1, William Dufour 1) at 16:08
3. Adelaide Pink Elephants , Tristen Robins 1 (Axel Jonsson-Fjallby 2, Ryan Suzuki 2) at 16:19
Penalties :
Ville Heinola (APE) for Fighting (Major) at 11:48, Alex Chiasson (NFS) for Fighting (Major) at 11:48, Nick Cicek (APE) for Fighting (Major) at 16:32, Peter Abbandonato (NFS) for Fighting (Major) at 16:32, Nick Cicek (APE) for instigated a fight (Minor) at 16:32, Nick Cicek (APE) for instigated a fight (10 Minutes Misconduct) at 16:32, Raphael Lavoie (NFS) for Interference (Minor) at 17:01
2nd period
No Goal
Penalties :
AJ Greer (APE) for Fighting (Major) at 0:17, Raphael Lavoie (NFS) for Fighting (Major) at 0:17, Matthew Phillips (APE) for Fighting (Major) at 8:26, Raphael Lavoie (NFS) for Fighting (Major) at 8:26, Nicolas Deslauriers (NFS) for Tripping (Minor) at 8:34
3rd period
4. Newfoundland Shamrocks , Nicolas Deslauriers 1 (Josh Archibald 1, Tanner Laczynski 2) at 3:50
5. Adelaide Pink Elephants , Tyson Foerster 2 (Matthew Phillips 2) at 4:01
6. Newfoundland Shamrocks , Raphael Lavoie 1 (Alex Chiasson 2, William Villeneuve 1) at 7:53 (PP)
Penalties :
AJ Greer (APE) for Fighting (Major) at 3:57, Ilya Solovyov (NFS) for Fighting (Major) at 3:57, Denis Gurianov (APE) for Interference (Minor) at 6:04, Semyon Der-Arguchintsev (NFS) for Hooking (Minor) at 16:28
Overtime #1
No Goal
Penalties :
No Penalty
Shootout
Newfoundland Shamrocks, Raphael Lavoie - Goal!
Adelaide Pink Elephants, Denis Gurianov - Stopped by Casey DeSmith
Newfoundland Shamrocks, William Dufour - Goal!
Adelaide Pink Elephants, Adam Gaudette - Shot Misses the Net
Penalties :
No Penalty
Goalie Stats
Casey DeSmith (NFS), 35 saves from 38 shots - (0.921), W, 1-1-0, 65:00 minutes
Dustin Wolf (APE), 22 saves from 25 shots - (0.880), OTL, 1-0-1, 65:00 minutes
Players Stats for Newfoundland Shamrocks
Player Name G A P +/- PIM S H SB GA TA FO MP PP MP PK MP
------------------------------------------------------------------------------------
Alec Regula 0 0 0 0 0 0 0 2 0 0 0/0 16:11 0:00 1:55
Alex Chiasson 0 1 1 0 5 4 2 0 1 0 1/3 16:15 1:07 0:03
Alex Galchenyuk 1 0 1 1 0 2 3 0 0 2 0/0 14:40 0:56 0:03
Drew O'Connor 0 1 1 -1 0 3 1 0 1 1 0/0 15:00 0:00 1:57
Dylan Coghlan 0 0 0 0 0 0 3 1 0 0 0/0 19:24 0:00 1:55
Ilya Solovyov 0 0 0 0 5 0 1 0 0 1 0/0 17:27 0:29 0:03
Jon Merrill 0 0 0 -1 0 1 1 0 0 0 0/0 26:59 0:00 2:29
Josh Archibald 0 1 1 -1 0 2 3 1 2 0 1/4 19:02 0:00 2:08
Maxime Comtois 0 0 0 -1 0 0 2 0 1 1 0/0 19:10 1:36 0:18
Nicolas Deslauriers 1 0 1 0 2 1 3 0 1 0 0/0 17:06 0:42 0:32
Peter Abbandonato 0 0 0 0 5 1 2 1 0 0 7/18 15:13 0:00 1:53
Raphael Lavoie 1 0 1 -1 12 3 0 0 0 0 9/19 16:15 1:35 0:00
Robert Bortuzzo 0 0 0 -1 0 1 5 0 1 1 0/0 27:10 0:27 2:29
Samuel Poulin 0 0 0 -1 0 2 4 0 0 0 3/8 15:10 0:42 0:00
Semyon Der-Arguchintsev 0 0 0 1 2 1 1 1 0 0 2/5 14:18 1:22 0:09
Tanner Laczynski 0 1 1 1 0 2 1 0 0 0 1/2 14:11 0:29 1:54
William Dufour 0 1 1 -1 0 2 1 0 4 0 1/2 12:49 0:42 0:00
William Villeneuve 0 1 1 0 0 0 0 0 0 0 0/0 17:35 1:22 0:00
Players Stats for Adelaide Pink Elephants
Player Name G A P +/- PIM S H SB GA TA FO MP PP MP PK MP
------------------------------------------------------------------------------------
Aatu Raty 0 0 0 -1 0 2 1 0 1 1 4/5 13:34 1:11 0:00
Adam Gaudette 0 0 0 0 0 5 7 0 0 0 9/15 21:10 1:55 1:02
AJ Greer 0 0 0 0 10 2 2 0 2 0 0/1 18:48 2:16 0:17
Akil Thomas 0 0 0 -1 0 0 2 0 0 0 1/2 11:09 0:10 0:53
Axel Jonsson-Fjallby 0 1 1 1 0 4 1 1 0 2 0/0 13:09 0:00 0:00
Benjamin Gleason 0 0 0 1 0 1 1 2 0 1 0/0 18:59 0:17 0:26
Denis Gurianov 0 0 0 0 2 2 1 0 0 0 3/4 20:35 1:55 0:12
Fredrik Olofsson 0 1 1 1 0 6 2 0 0 1 0/2 16:36 1:53 0:56
Jacob Bernard-Docker 0 0 0 0 0 0 2 1 0 1 0/0 22:29 2:29 1:12
Matthew Phillips 1 1 2 1 5 6 3 0 1 0 11/19 19:43 1:32 1:16
Nick Cicek 0 0 0 0 17 0 1 2 1 0 0/0 17:05 1:11 0:46
Robin Salo 0 0 0 1 0 0 0 0 0 0 0/0 23:44 1:23 0:00
Ryan Suzuki 0 1 1 1 0 3 1 0 1 0 5/9 13:09 0:00 0:00
Tristen Robins 1 0 1 1 0 1 0 0 0 0 0/0 13:09 0:00 0:00
Tyler Madden 0 0 0 -1 0 0 0 0 0 1 0/0 10:32 0:34 0:00
Tyson Foerster 1 1 2 1 0 5 2 0 0 1 3/4 15:42 1:55 0:00
Ville Heinola 0 0 0 0 5 1 4 0 0 1 0/0 22:24 1:41 1:17
Zachary Jones 0 0 0 0 0 0 1 1 0 2 0/0 24:20 1:53 1:06
3 Stars
1 - Tyson Foerster (APE)
2 - Alex Galchenyuk (NFS)
3 - Tristen Robins (APE)
Power Play
Newfoundland Shamrocks - 1 on 2 Attempt(s) - 50.00%
Adelaide Pink Elephants - 0 on 3 Attempt(s) - 0.00%
Penalty Kill
Newfoundland Shamrocks - 3 on 3 Attempt(s) - 100.00%
- Score 0 goal in Penalty Kill
Adelaide Pink Elephants - 1 on 2 Attempt(s) - 50.00%
- Score 0 goal in Penalty Kill
Team Stat
Newfoundland Shamrocks - Hits : 33 - Faceoff Wins : 25 - Blocked Shots : 6 - Penalty Minutes : 31
Adelaide Pink Elephants - Hits : 31 - Faceoff Wins : 36 - Blocked Shots : 7 - Penalty Minutes : 39
Official
Referees : Dave Lewis and Kevin Pollock
Linesman : Derek Amell and Jonny Murray
Game Notes
Ville Heinola and Alex Chiasson fight to a draw at 11:48 of 1st period
Nick Cicek and Peter Abbandonato fight to a draw at 16:32 of 1st period
AJ Greer beats up Raphael Lavoie at 0:17 of 2nd period
Raphael Lavoie beats up Matthew Phillips at 8:26 of 2nd period
Ilya Solovyov beats up AJ Greer at 3:57 of 3rd period
Newfoundland Shamrocks
5 vs 5 Forward
Center Left Wing Right Wing Time % Phy DF OF
1 Raphael Lavoie Maxime Comtois Alex Chiasson 30 1 2 2
2 Peter Abbandonato Nicolas Deslauriers Josh Archibald 30 1 2 2
3 Samuel Poulin Drew O'Connor William Dufour 25 1 2 2
4 Semyon Der-Arguchintsev Alex Galchenyuk Tanner Laczynski 15 1 2 2
5 vs 5 Defense
Defense Defense Time % Phy DF OF
1 Jon Merrill Robert Bortuzzo 30 1 2 2
2 Dylan Coghlan William Villeneuve 30 1 2 2
3 Alec Regula Ilya Solovyov 25 1 2 2
4 Jon Merrill Robert Bortuzzo 15 1 2 2
PowerPlay Forward
Center Left Wing Right Wing Time % Phy DF OF
1 Raphael Lavoie Maxime Comtois Alex Chiasson 50 1 2 2
2 Samuel Poulin Nicolas Deslauriers William Dufour 50 1 2 2
PowerPlay Defense
Defense Defense Time % Phy DF OF
1 Ilya Solovyov Alex Galchenyuk 50 1 2 2
2 Semyon Der-Arguchintsev William Villeneuve 50 1 2 2
Penalty Kill 4 Players Forward
Center Wing Time % Phy DF OF
1 Peter Abbandonato Josh Archibald 50 1 2 2
2 Tanner Laczynski Drew O'Connor 50 1 2 2
Penalty Kill 4 Players Defense
Defense Defense Time % Phy DF OF
1 Jon Merrill Robert Bortuzzo 50 1 2 2
2 Dylan Coghlan Alec Regula 50 1 2 2
Penalty Kill - 3 Players Forward
Forward Time % Phy DF OF
1 Josh Archibald 50 1 2 2
2 Drew O'Connor 50 1 2 2
Penalty Kill - 3 Players Defense
Defense Defense Time % Phy DF OF
1 Jon Merrill Robert Bortuzzo 50 1 2 2
2 Dylan Coghlan Alec Regula 50 1 2 2
4 vs 4 Forward
Center Wing Time % Phy DF OF
1 Raphael Lavoie Alex Chiasson 50 1 2 2
2 Samuel Poulin Maxime Comtois 50 1 2 2
4 vs 4 Defense
Defense Defense Time % Phy DF OF
1 Jon Merrill Robert Bortuzzo 50 1 2 2
2 Ilya Solovyov Alex Galchenyuk 50 1 2 2
Last Minutes Offensive
Center Left Wing Right Wing Defense Defense
Raphael Lavoie Maxime Comtois Alex Chiasson Jon Merrill Dylan Coghlan
Last Minutes Defensive
Center Left Wing Right Wing Defense Defense
Tanner Laczynski Drew O'Connor Josh Archibald Jon Merrill Robert Bortuzzo
Goaltenders
Starting : Casey DeSmith
Backup : Mackenzie Blackwood
Extra Forwards
Normal : Josh Archibald, Alex Chiasson, Nicolas Deslauriers - PP : Peter Abbandonato, Tanner Laczynski - PK : Nicolas Deslauriers
Extra Defensemen
Normal : Dylan Coghlan, Jon Merrill, Robert Bortuzzo - PP : Robert Bortuzzo - PK : William Villeneuve, Ilya Solovyov
Penalty Shots
Raphael Lavoie, William Dufour, Semyon Der-Arguchintsev, Maxime Comtois, Alec Regula
Adelaide Pink Elephants
5 vs 5 Forward
Center Left Wing Right Wing Time % Phy DF OF
1 Adam Gaudette Denis Gurianov AJ Greer 30 1 2 2
2 Matthew Phillips Fredrik Olofsson Tyson Foerster 30 1 2 2
3 Ryan Suzuki Axel Jonsson-Fjallby Tristen Robins 25 1 2 2
4 Aatu Raty Akil Thomas Tyler Madden 15 1 2 2
5 vs 5 Defense
Defense Defense Time % Phy DF OF
1 Nick Cicek Jacob Bernard-Docker 35 1 2 2
2 Zachary Jones Ville Heinola 35 1 2 2
3 Robin Salo Benjamin Gleason 30 1 2 2
4 Nick Cicek Jacob Bernard-Docker 0 1 2 2
PowerPlay Forward
Center Left Wing Right Wing Time % Phy DF OF
1 Adam Gaudette Denis Gurianov AJ Greer 50 1 2 2
2 Matthew Phillips Fredrik Olofsson Tyson Foerster 50 1 2 2
PowerPlay Defense
Defense Defense Time % Phy DF OF
1 Nick Cicek Jacob Bernard-Docker 50 1 2 2
2 Zachary Jones Ville Heinola 50 1 2 2
Penalty Kill 4 Players Forward
Center Wing Time % Phy DF OF
1 Denis Gurianov Adam Gaudette 50 1 2 2
2 Matthew Phillips AJ Greer 50 1 2 2
Penalty Kill 4 Players Defense
Defense Defense Time % Phy DF OF
1 Nick Cicek Jacob Bernard-Docker 50 1 2 2
2 Zachary Jones Ville Heinola 50 1 2 2
Penalty Kill - 3 Players Forward
Forward Time % Phy DF OF
1 Denis Gurianov 50 1 2 2
2 Adam Gaudette 50 1 2 2
Penalty Kill - 3 Players Defense
Defense Defense Time % Phy DF OF
1 Nick Cicek Jacob Bernard-Docker 50 1 2 2
2 Zachary Jones Ville Heinola 50 1 2 2
4 vs 4 Forward
Center Wing Time % Phy DF OF
1 Denis Gurianov Adam Gaudette 50 1 2 2
2 Matthew Phillips AJ Greer 50 1 2 2
4 vs 4 Defense
Defense Defense Time % Phy DF OF
1 Nick Cicek Jacob Bernard-Docker 50 1 2 2
2 Zachary Jones Ville Heinola 50 1 2 2
Last Minutes Offensive
Center Left Wing Right Wing Defense Defense
Adam Gaudette Denis Gurianov AJ Greer Nick Cicek Jacob Bernard-Docker
Last Minutes Defensive
Center Left Wing Right Wing Defense Defense
Adam Gaudette Denis Gurianov AJ Greer Nick Cicek Jacob Bernard-Docker
Goaltenders
Starting : Dustin Wolf
Backup : Matthew Murray
Extra Forwards
Normal : Aatu Raty, Tyler Madden, Akil Thomas - PP : Aatu Raty, Tyler Madden - PK : Akil Thomas
Extra Defensemen
Normal : Robin Salo, Benjamin Gleason, Zachary Jones - PP : Robin Salo - PK : Benjamin Gleason, Zachary Jones
Penalty Shots
Denis Gurianov, Adam Gaudette, Matthew Phillips, AJ Greer, Ryan Suzuki
% Time on Ice - Newfoundland Shamrocks
Lines # - Real PCT - Wanted PCT - Time Play
Normal Forward
1 - 29% - 30% - 15:07
2 - 27% - 30% - 14:03
3 - 23% - 25% - 11:46
4 - 21% - 15% - 10:49
Normal Defense
1 - 30% - 30% - 15:21
2 - 31% - 30% - 15:59
3 - 28% - 25% - 14:15
4 - 12% - 15% - 6:10
PP Forward
1 - 70% - 50% - 1:36
2 - 30% - 50% - 0:42
PP Defense
1 - 41% - 50% - 0:56
2 - 59% - 50% - 1:22
PK Forward
1 - 52% - 50% - 2:19
2 - 48% - 50% - 2:08
PK Defense
1 - 56% - 50% - 2:29
2 - 44% - 50% - 1:58
PK3 Forward
1 - 0% - 50%
2 - 0% - 50%
PK3 Defense
1 - 0% - 50%
2 - 0% - 50%
44 Forward
1 - 43% - 50% - 2:47
2 - 57% - 50% - 3:43
44 Defense
1 - 46% - 50% - 2:58
2 - 54% - 50% - 3:32
Last Minute Offensive - 0:00
Last Minute Defensive - 0:00
Total
Forward - 65:00
Defense - 65:00
|
% Time on Ice - Adelaide Pink Elephants
Lines # - Real PCT - Wanted PCT - Time Play
Normal Forward
1 - 31% - 30% - 16:05
2 - 29% - 30% - 14:58
3 - 25% - 25% - 13:09
4 - 15% - 15% - 7:33
Normal Defense
1 - 37% - 35% - 19:07
2 - 35% - 35% - 18:07
3 - 27% - 30% - 14:03
4 - 1% - 0% - 0:28
PP Forward
1 - 38% - 50% - 1:42
2 - 62% - 50% - 2:45
PP Defense
1 - 62% - 50% - 2:46
2 - 38% - 50% - 1:41
PK Forward
1 - 45% - 50% - 1:02
2 - 55% - 50% - 1:16
PK Defense
1 - 52% - 50% - 1:12
2 - 48% - 50% - 1:06
PK3 Forward
1 - 0% - 50%
2 - 0% - 50%
PK3 Defense
1 - 0% - 50%
2 - 0% - 50%
44 Forward
1 - 49% - 50% - 3:12
2 - 51% - 50% - 3:18
44 Defense
1 - 61% - 50% - 3:58
2 - 39% - 50% - 2:32
Last Minute Offensive - 0:00
Last Minute Defensive - 0:00
Total
Forward - 65:00
Defense - 65:00
|
Play-by-Play
1st period
0:01 of 1st period - Raphael Lavoie wins face-off versus Adam Gaudette in neutral zone.
0:16 of 1st period - Snap shot by Adam Gaudette.
0:16 of 1st period - Stopped by Casey DeSmith without a rebound.
0:17 of 1st period - Tyson Foerster wins face-off versus Peter Abbandonato in Newfoundland Shamrocks zone.
0:44 of 1st period - Zachary Jones is hit by Samuel Poulin and loses puck.
1:33 of 1st period - Slapshot by Ville Heinola.
1:33 of 1st period - Shot Blocked by Semyon Der-Arguchintsev.
1:47 of 1st period - Snap shot by Alex Chiasson.
1:47 of 1st period - Stopped by Dustin Wolf without a rebound.
1:48 of 1st period - Ryan Suzuki wins face-off versus Alex Chiasson in Adelaide Pink Elephants zone.
1:53 of 1st period - Alex Chiasson is hit by Benjamin Gleason and loses puck.
2:20 of 1st period - Wrist shot by Alex Chiasson.
2:20 of 1st period - Shot Misses the Net.
3:04 of 1st period - Wrist shot by Aatu Raty.
3:04 of 1st period - Shot Misses the Net.
3:22 of 1st period - Snap shot by Axel Jonsson-Fjallby.
3:22 of 1st period - Shot Misses the Net.
4:25 of 1st period - Slapshot by William Dufour.
4:25 of 1st period - Stopped by Dustin Wolf without a rebound.
4:26 of 1st period - Peter Abbandonato wins face-off versus Adam Gaudette in Adelaide Pink Elephants zone.
4:29 of 1st period - Snap shot by Josh Archibald.
4:29 of 1st period - Shot Hit the Post.
4:35 of 1st period - Snap shot by Peter Abbandonato.
4:35 of 1st period - Stopped by Dustin Wolf without a rebound.
4:36 of 1st period - Adam Gaudette wins face-off versus Peter Abbandonato in Adelaide Pink Elephants zone.
4:47 of 1st period - Snap shot by Denis Gurianov.
4:47 of 1st period - Shot Misses the Net.
4:49 of 1st period - Wrist shot by AJ Greer.
4:49 of 1st period - Stopped by Casey DeSmith with a rebound.
4:51 of 1st period - Snap shot by Denis Gurianov.
4:51 of 1st period - Shot Misses the Net.
5:01 of 1st period - Wrist shot by Denis Gurianov.
5:01 of 1st period - Stopped by Casey DeSmith with a rebound.
5:12 of 1st period - Slapshot by Adam Gaudette.
5:12 of 1st period - Shot Blocked by Peter Abbandonato.
5:26 of 1st period - Adam Gaudette is hit by Nicolas Deslauriers and loses puck.
5:57 of 1st period - Wrist shot by Adam Gaudette.
5:57 of 1st period - Stopped by Casey DeSmith without a rebound.
5:58 of 1st period - Samuel Poulin wins face-off versus Matthew Phillips in Newfoundland Shamrocks zone.
6:13 of 1st period - Wrist shot by William Dufour.
6:13 of 1st period - Stopped by Dustin Wolf with a rebound.
6:44 of 1st period - Snap shot by Aatu Raty.
6:44 of 1st period - Stopped by Casey DeSmith without a rebound.
6:45 of 1st period - Aatu Raty wins face-off versus Semyon Der-Arguchintsev in Newfoundland Shamrocks zone.
6:58 of 1st period - Wrist shot by Akil Thomas.
6:58 of 1st period - Shot Misses the Net.
7:10 of 1st period - Samuel Poulin is hit by Fredrik Olofsson and loses puck.
7:21 of 1st period - Slapshot by Matthew Phillips.
7:21 of 1st period - Stopped by Casey DeSmith with a rebound.
7:38 of 1st period - Ville Heinola is hit by Maxime Comtois and loses puck.
7:55 of 1st period - Wrist shot by Semyon Der-Arguchintsev.
7:55 of 1st period - Stopped by Dustin Wolf with a rebound.
8:42 of 1st period - Snap shot by Alex Chiasson.
8:42 of 1st period - Shot Blocked by Nick Cicek.
8:56 of 1st period - Wrist shot by Ryan Suzuki.
8:56 of 1st period - Stopped by Casey DeSmith without a rebound.
8:57 of 1st period - Aatu Raty wins face-off versus Samuel Poulin in Newfoundland Shamrocks zone.
8:58 of 1st period - Wrist shot by Akil Thomas.
8:58 of 1st period - Shot Misses the Net.
9:29 of 1st period - Wrist shot by Raphael Lavoie.
9:29 of 1st period - Stopped by Dustin Wolf with a rebound.
9:47 of 1st period - Tristen Robins is hit by Josh Archibald and loses puck.
10:06 of 1st period - Wrist shot by Adam Gaudette.
10:06 of 1st period - Stopped by Casey DeSmith with a rebound.
10:12 of 1st period - Robin Salo is hit by Robert Bortuzzo and loses puck.
10:49 of 1st period - Wrist shot by Matthew Phillips.
10:49 of 1st period - Stopped by Casey DeSmith with a rebound.
10:51 of 1st period - Snap shot by Fredrik Olofsson.
10:51 of 1st period - Stopped by Casey DeSmith with a rebound.
10:53 of 1st period - Snap shot by Fredrik Olofsson.
10:53 of 1st period - Shot Misses the Net.
10:55 of 1st period - Snap shot by Fredrik Olofsson.
10:55 of 1st period - Stopped by Casey DeSmith with a rebound.
11:43 of 1st period - Slapshot by Tyson Foerster.
11:43 of 1st period - Stopped by Casey DeSmith without a rebound.
11:44 of 1st period - Matthew Phillips wins face-off versus Raphael Lavoie in Newfoundland Shamrocks zone.
11:48 of 1st period - Ville Heinola and Alex Chiasson fight to a draw.
11:48 of 1st period - Penalty to Ville Heinola for Fighting.
11:48 of 1st period - Penalty to Alex Chiasson for Fighting.
11:49 of 1st period - Raphael Lavoie wins face-off versus Matthew Phillips in Newfoundland Shamrocks zone.
12:00 of 1st period - Slapshot by Matthew Phillips.
12:00 of 1st period - Stopped by Casey DeSmith without a rebound.
12:01 of 1st period - Matthew Phillips wins face-off versus Samuel Poulin in Newfoundland Shamrocks zone.
12:04 of 1st period - Snap shot by Fredrik Olofsson.
12:04 of 1st period - Stopped by Casey DeSmith with a rebound.
12:08 of 1st period - Snap shot by Fredrik Olofsson.
12:08 of 1st period - Stopped by Casey DeSmith with a rebound.
12:10 of 1st period - Wrist shot by Tyson Foerster.
12:10 of 1st period - Stopped by Casey DeSmith without a rebound.
12:11 of 1st period - Matthew Phillips wins face-off versus William Dufour in Newfoundland Shamrocks zone.
12:16 of 1st period - Snap shot by Tyson Foerster.
12:16 of 1st period - Shot Misses the Net.
12:28 of 1st period - Snap shot by Matthew Phillips.
12:28 of 1st period - Goal by Matthew Phillips - Newfoundland Shamrocks : 0 - Adelaide Pink Elephants : 1.
12:29 of 1st period - Raphael Lavoie wins face-off versus Ryan Suzuki in neutral zone.
13:13 of 1st period - Snap shot by Alex Galchenyuk.
13:13 of 1st period - Stopped by Dustin Wolf with a rebound.
13:34 of 1st period - Alex Galchenyuk is hit by Akil Thomas and loses puck.
14:00 of 1st period - Josh Archibald is hit by Axel Jonsson-Fjallby and loses puck.
14:13 of 1st period - Wrist shot by Axel Jonsson-Fjallby.
14:13 of 1st period - Stopped by Casey DeSmith without a rebound.
14:14 of 1st period - Raphael Lavoie wins face-off versus Tyson Foerster in Newfoundland Shamrocks zone.
14:35 of 1st period - Snap shot by Matthew Phillips.
14:35 of 1st period - Stopped by Casey DeSmith with a rebound.
14:37 of 1st period - Snap shot by Denis Gurianov.
14:37 of 1st period - Deflect By Adam Gaudette.
14:37 of 1st period - Shot Misses the Net.
14:37 of 1st period - Puck is out of play.
14:38 of 1st period - Denis Gurianov wins face-off versus Samuel Poulin in Newfoundland Shamrocks zone.
14:53 of 1st period - Snap shot by Samuel Poulin.
14:53 of 1st period - Stopped by Dustin Wolf without a rebound.
14:54 of 1st period - Ryan Suzuki wins face-off versus Peter Abbandonato in Adelaide Pink Elephants zone.
14:54 of 1st period - Ryan Suzuki is hit by Nicolas Deslauriers.
15:20 of 1st period - Maxime Comtois is hit by Denis Gurianov and loses puck.
16:06 of 1st period - Snap shot by Drew O'Connor.
16:06 of 1st period - Stopped by Dustin Wolf with a rebound.
16:08 of 1st period - Snap shot by Alex Galchenyuk.
16:08 of 1st period - Goal by Alex Galchenyuk - Newfoundland Shamrocks : 1 - Adelaide Pink Elephants : 1.
16:09 of 1st period - Ryan Suzuki wins face-off versus Raphael Lavoie in neutral zone.
16:17 of 1st period - Wrist shot by Ryan Suzuki.
16:17 of 1st period - Shot Blocked by Josh Archibald.
16:19 of 1st period - Slapshot by Axel Jonsson-Fjallby.
16:19 of 1st period - Deflect By Tristen Robins.
16:19 of 1st period - Goal by Tristen Robins - Newfoundland Shamrocks : 1 - Adelaide Pink Elephants : 2.
16:20 of 1st period - Peter Abbandonato wins face-off versus Fredrik Olofsson in neutral zone.
16:32 of 1st period - Nick Cicek and Peter Abbandonato fight to a draw.
16:32 of 1st period - Penalty to Nick Cicek for Fighting.
16:32 of 1st period - Penalty to Peter Abbandonato for Fighting.
16:32 of 1st period - Penalty to Nick Cicek for instigated a fight.
16:32 of 1st period - Penalty to Nick Cicek for instigated a fight.
16:33 of 1st period - Raphael Lavoie wins face-off versus Denis Gurianov in Newfoundland Shamrocks zone.
16:48 of 1st period - Penalty to Ville Heinola is over, Ville Heinola is back on ice.
17:01 of 1st period - Minor Penalty to Raphael Lavoie for Interference.
17:02 of 1st period - Denis Gurianov wins face-off versus Josh Archibald in Newfoundland Shamrocks zone.
17:03 of 1st period - Snap shot by Adam Gaudette.
17:03 of 1st period - Shot Misses the Net.
17:37 of 1st period - Snap shot by Jon Merrill.
17:37 of 1st period - Stopped by Dustin Wolf without a rebound.
17:38 of 1st period - Matthew Phillips wins face-off versus Samuel Poulin in Adelaide Pink Elephants zone.
18:04 of 1st period - Samuel Poulin is hit by Adam Gaudette and loses puck.
18:09 of 1st period - Slapshot by Denis Gurianov.
18:09 of 1st period - Shot Misses the Net.
18:32 of 1st period - Penalty to Nick Cicek is over, Aatu Raty is send on ice.
18:55 of 1st period - Wrist shot by Nicolas Deslauriers.
18:55 of 1st period - Shot Misses the Net.
19:01 of 1st period - Penalty to Raphael Lavoie is over, Raphael Lavoie is back on ice.
19:29 of 1st period - Raphael Lavoie is hit by AJ Greer.
Goals for this period are 1 for Newfoundland Shamrocks vs 2 for Adelaide Pink Elephants.
Shots for this period are 11 for Newfoundland Shamrocks vs 20 for Adelaide Pink Elephants.
2nd period
0:01 of 2nd period - Adam Gaudette wins face-off versus Alex Chiasson in neutral zone.
0:10 of 2nd period - Snap shot by Denis Gurianov.
0:10 of 2nd period - Stopped by Casey DeSmith with a rebound.
0:17 of 2nd period - AJ Greer beats up Raphael Lavoie.
0:17 of 2nd period - Penalty to AJ Greer for Fighting.
0:17 of 2nd period - Penalty to Raphael Lavoie for Fighting.
0:18 of 2nd period - Adam Gaudette wins face-off versus Josh Archibald in Newfoundland Shamrocks zone.
0:43 of 2nd period - Wrist shot by Drew O'Connor.
0:43 of 2nd period - Stopped by Dustin Wolf with a rebound.
1:09 of 2nd period - Snap shot by Semyon Der-Arguchintsev.
1:09 of 2nd period - Deflect By Alex Galchenyuk.
1:09 of 2nd period - Shot Blocked by Benjamin Gleason.
1:09 of 2nd period - Puck is out of play.
1:10 of 2nd period - Josh Archibald wins face-off versus Aatu Raty in Adelaide Pink Elephants zone.
2:23 of 2nd period - Dylan Coghlan is hit by Adam Gaudette and loses puck.
2:34 of 2nd period - Axel Jonsson-Fjallby is hit by Dylan Coghlan and loses puck.
3:41 of 2nd period - Drew O'Connor is hit by Ville Heinola and loses puck.
4:43 of 2nd period - Ryan Suzuki is hit by Robert Bortuzzo.
5:04 of 2nd period - Josh Archibald is hit by Jacob Bernard-Docker and loses puck.
5:31 of 2nd period - Robert Bortuzzo is hit by Matthew Phillips and loses puck.
5:36 of 2nd period - Backhand shot by Matthew Phillips.
5:36 of 2nd period - Shot Misses the Net.
5:51 of 2nd period - Axel Jonsson-Fjallby is hit by Ilya Solovyov and loses puck.
6:02 of 2nd period - Wrist shot by Peter Abbandonato.
6:02 of 2nd period - Shot Misses the Net.
6:24 of 2nd period - Drew O'Connor is hit by Aatu Raty and loses puck.
6:37 of 2nd period - Tanner Laczynski is hit by Tyson Foerster and loses puck.
6:44 of 2nd period - Backhand shot by Matthew Phillips.
6:44 of 2nd period - Shot Misses the Net.
6:46 of 2nd period - Snap shot by Fredrik Olofsson.
6:46 of 2nd period - Stopped by Casey DeSmith with a rebound.
6:48 of 2nd period - Slapshot by Benjamin Gleason.
6:48 of 2nd period - Stopped by Casey DeSmith without a rebound.
6:49 of 2nd period - Raphael Lavoie wins face-off versus Ryan Suzuki in Newfoundland Shamrocks zone.
7:21 of 2nd period - Wrist shot by Matthew Phillips.
7:21 of 2nd period - Stopped by Casey DeSmith with a rebound.
7:23 of 2nd period - Slapshot by Tyson Foerster.
7:23 of 2nd period - Stopped by Casey DeSmith with a rebound.
7:25 of 2nd period - Slapshot by Tyson Foerster.
7:25 of 2nd period - Stopped by Casey DeSmith without a rebound.
7:26 of 2nd period - Samuel Poulin wins face-off versus Adam Gaudette in Newfoundland Shamrocks zone.
7:42 of 2nd period - Icing by Dylan Coghlan.
7:43 of 2nd period - Samuel Poulin wins face-off versus Ryan Suzuki in Newfoundland Shamrocks zone.
7:43 of 2nd period - Samuel Poulin is hit by Jacob Bernard-Docker.
8:00 of 2nd period - Off-side.
8:01 of 2nd period - Denis Gurianov wins face-off versus Peter Abbandonato in neutral zone.
8:10 of 2nd period - Zachary Jones is hit by Robert Bortuzzo and loses puck.
8:15 of 2nd period - Wrist shot by Josh Archibald.
8:15 of 2nd period - Stopped by Dustin Wolf without a rebound.
8:16 of 2nd period - Raphael Lavoie wins face-off versus Matthew Phillips in Adelaide Pink Elephants zone.
8:25 of 2nd period - Wrist shot by Alex Chiasson.
8:25 of 2nd period - Stopped by Dustin Wolf without a rebound.
8:26 of 2nd period - Matthew Phillips wins face-off versus Raphael Lavoie in Adelaide Pink Elephants zone.
8:26 of 2nd period - Raphael Lavoie beats up Matthew Phillips.
8:26 of 2nd period - Penalty to Matthew Phillips for Fighting.
8:26 of 2nd period - Penalty to Raphael Lavoie for Fighting.
8:27 of 2nd period - Adam Gaudette wins face-off versus Peter Abbandonato in Adelaide Pink Elephants zone.
8:27 of 2nd period - Adam Gaudette is hit by Peter Abbandonato.
8:34 of 2nd period - Minor Penalty to Nicolas Deslauriers for Tripping.
8:35 of 2nd period - Adam Gaudette wins face-off versus Tanner Laczynski in Newfoundland Shamrocks zone.
8:51 of 2nd period - Wrist shot by Denis Gurianov.
8:51 of 2nd period - Shot Misses the Net.
10:34 of 2nd period - Penalty to Nicolas Deslauriers is over, Nicolas Deslauriers is back on ice.
10:43 of 2nd period - Axel Jonsson-Fjallby is hit by Maxime Comtois and loses puck.
10:50 of 2nd period - Wrist shot by Alex Chiasson.
10:50 of 2nd period - Shot Misses the Net.
11:09 of 2nd period - Aatu Raty is hit by William Dufour and loses puck.
11:32 of 2nd period - 10 Minutes Misconduct Penalty to Nick Cicek is over.
11:53 of 2nd period - Fredrik Olofsson is hit by Samuel Poulin and loses puck.
12:12 of 2nd period - Wrist shot by Tanner Laczynski.
12:12 of 2nd period - Stopped by Dustin Wolf with a rebound.
12:19 of 2nd period - Icing by Robin Salo.
12:20 of 2nd period - Aatu Raty wins face-off versus Josh Archibald in Adelaide Pink Elephants zone.
12:20 of 2nd period - Aatu Raty is hit by Alex Chiasson.
12:37 of 2nd period - Icing by Nick Cicek.
12:38 of 2nd period - Semyon Der-Arguchintsev wins face-off versus AJ Greer in Adelaide Pink Elephants zone.
13:16 of 2nd period - Tanner Laczynski is hit by Adam Gaudette and loses puck.
13:36 of 2nd period - Tanner Laczynski is hit by Nick Cicek.
13:37 of 2nd period - Icing by Tanner Laczynski.
13:38 of 2nd period - Matthew Phillips wins face-off versus Semyon Der-Arguchintsev in Newfoundland Shamrocks zone.
13:39 of 2nd period - Snap shot by Fredrik Olofsson.
13:39 of 2nd period - Stopped by Casey DeSmith without a rebound.
13:40 of 2nd period - Peter Abbandonato wins face-off versus Matthew Phillips in Newfoundland Shamrocks zone.
13:47 of 2nd period - Slapshot by Robert Bortuzzo.
13:47 of 2nd period - Stopped by Dustin Wolf without a rebound.
13:48 of 2nd period - Peter Abbandonato wins face-off versus Fredrik Olofsson in Adelaide Pink Elephants zone.
13:51 of 2nd period - Snap shot by Peter Abbandonato.
13:51 of 2nd period - Shot Misses the Net.
13:59 of 2nd period - Slapshot by Ville Heinola.
13:59 of 2nd period - Stopped by Casey DeSmith without a rebound.
14:00 of 2nd period - Peter Abbandonato wins face-off versus Matthew Phillips in Newfoundland Shamrocks zone.
14:22 of 2nd period - Icing by Nicolas Deslauriers.
14:23 of 2nd period - Adam Gaudette wins face-off versus Peter Abbandonato in Newfoundland Shamrocks zone.
14:34 of 2nd period - Snap shot by AJ Greer.
14:34 of 2nd period - Stopped by Casey DeSmith with a rebound.
14:36 of 2nd period - Snap shot by Adam Gaudette.
14:36 of 2nd period - Stopped by Casey DeSmith with a rebound.
14:56 of 2nd period - Slapshot by Alex Chiasson.
14:56 of 2nd period - Stopped by Dustin Wolf without a rebound.
14:57 of 2nd period - Alex Chiasson wins face-off versus Ryan Suzuki in Adelaide Pink Elephants zone.
15:13 of 2nd period - Slapshot by William Villeneuve.
15:13 of 2nd period - Shot Blocked by Axel Jonsson-Fjallby.
15:33 of 2nd period - Slapshot by Drew O'Connor.
15:33 of 2nd period - Shot Misses the Net.
15:52 of 2nd period - Icing by Ilya Solovyov.
15:53 of 2nd period - Ryan Suzuki wins face-off versus Peter Abbandonato in Newfoundland Shamrocks zone.
16:06 of 2nd period - Backhand shot by Axel Jonsson-Fjallby.
16:06 of 2nd period - Stopped by Casey DeSmith with a rebound.
16:08 of 2nd period - Wrist shot by Axel Jonsson-Fjallby.
16:08 of 2nd period - Shot Blocked by Alec Regula.
16:20 of 2nd period - Snap shot by Josh Archibald.
16:20 of 2nd period - Stopped by Dustin Wolf with a rebound.
16:47 of 2nd period - Snap shot by Drew O'Connor.
16:47 of 2nd period - Stopped by Dustin Wolf with a rebound.
16:49 of 2nd period - Snap shot by Samuel Poulin.
16:49 of 2nd period - Stopped by Dustin Wolf with a rebound.
17:07 of 2nd period - Aatu Raty is hit by Robert Bortuzzo and loses puck.
17:32 of 2nd period - Jon Merrill is hit by Ryan Suzuki and loses puck.
18:03 of 2nd period - Drew O'Connor is hit by Ville Heinola and loses puck.
18:28 of 2nd period - William Villeneuve is hit by Akil Thomas and loses puck.
18:57 of 2nd period - Ville Heinola is hit by Josh Archibald and loses puck.
19:17 of 2nd period - Slapshot by Matthew Phillips.
19:17 of 2nd period - Shot Blocked by Alec Regula.
19:37 of 2nd period - Wrist shot by Adam Gaudette.
19:37 of 2nd period - Stopped by Casey DeSmith with a rebound.
19:39 of 2nd period - Slapshot by Robin Salo.
19:39 of 2nd period - Deflect By AJ Greer.
19:39 of 2nd period - Shot Misses the Net.
19:39 of 2nd period - Puck is out of play.
19:40 of 2nd period - Aatu Raty wins face-off versus Peter Abbandonato in Newfoundland Shamrocks zone.
19:49 of 2nd period - Wrist shot by Aatu Raty.
19:49 of 2nd period - Shot Misses the Net.
19:53 of 2nd period - Snap shot by Aatu Raty.
19:53 of 2nd period - Stopped by Casey DeSmith without a rebound.
19:54 of 2nd period - Matthew Phillips wins face-off versus Raphael Lavoie in Newfoundland Shamrocks zone.
19:57 of 2nd period - Snap shot by Matthew Phillips.
19:57 of 2nd period - Deflect By Fredrik Olofsson.
19:57 of 2nd period - Shot Misses the Net.
19:57 of 2nd period - Puck is out of play.
19:58 of 2nd period - Matthew Phillips wins face-off versus Raphael Lavoie in Newfoundland Shamrocks zone.
Goals for this period are 0 for Newfoundland Shamrocks vs 0 for Adelaide Pink Elephants.
Shots for this period are 9 for Newfoundland Shamrocks vs 13 for Adelaide Pink Elephants.
3rd period
0:01 of 3rd period - Adam Gaudette wins face-off versus Raphael Lavoie in neutral zone.
0:04 of 3rd period - Robert Bortuzzo is hit by Adam Gaudette and loses puck.
0:25 of 3rd period - Matthew Phillips is hit by Nicolas Deslauriers and loses puck.
0:32 of 3rd period - Josh Archibald is hit by Ville Heinola and loses puck.
1:39 of 3rd period - Wrist shot by Tanner Laczynski.
1:39 of 3rd period - Stopped by Dustin Wolf without a rebound.
1:40 of 3rd period - Adam Gaudette wins face-off versus Raphael Lavoie in Adelaide Pink Elephants zone.
2:37 of 3rd period - Benjamin Gleason is hit by Drew O'Connor and loses puck.
3:24 of 3rd period - AJ Greer is hit by Alex Galchenyuk and loses puck.
3:33 of 3rd period - Tanner Laczynski is hit by Adam Gaudette and loses puck.
3:44 of 3rd period - Snap shot by Tanner Laczynski.
3:44 of 3rd period - Shot Misses the Net.
3:50 of 3rd period - Wrist shot by Nicolas Deslauriers.
3:50 of 3rd period - Goal by Nicolas Deslauriers - Newfoundland Shamrocks : 2 - Adelaide Pink Elephants : 2.
3:51 of 3rd period - Peter Abbandonato wins face-off versus Adam Gaudette in neutral zone.
3:57 of 3rd period - Ilya Solovyov beats up AJ Greer.
3:57 of 3rd period - Penalty to AJ Greer for Fighting.
3:57 of 3rd period - Penalty to Ilya Solovyov for Fighting.
3:58 of 3rd period - Tyson Foerster wins face-off versus Peter Abbandonato in Newfoundland Shamrocks zone.
3:59 of 3rd period - Wrist shot by Matthew Phillips.
3:59 of 3rd period - Shot Misses the Net.
4:01 of 3rd period - Wrist shot by Tyson Foerster.
4:01 of 3rd period - Goal by Tyson Foerster - Newfoundland Shamrocks : 2 - Adelaide Pink Elephants : 3.
4:02 of 3rd period - Matthew Phillips wins face-off versus Raphael Lavoie in neutral zone.
4:27 of 3rd period - Denis Gurianov is hit by Robert Bortuzzo.
4:49 of 3rd period - Axel Jonsson-Fjallby is hit by Josh Archibald and loses puck.
5:28 of 3rd period - Alex Chiasson is hit by Tyson Foerster and loses puck.
5:49 of 3rd period - Wrist shot by Adam Gaudette.
5:49 of 3rd period - Shot Misses the Net.
5:51 of 3rd period - Wrist shot by Adam Gaudette.
5:51 of 3rd period - Deflect By Denis Gurianov.
5:51 of 3rd period - Shot Misses the Net.
5:51 of 3rd period - Puck is out of play.
5:52 of 3rd period - Peter Abbandonato wins face-off versus Adam Gaudette in Newfoundland Shamrocks zone.
6:04 of 3rd period - Minor Penalty to Denis Gurianov for Interference.
6:05 of 3rd period - William Dufour wins face-off versus Akil Thomas in Adelaide Pink Elephants zone.
6:42 of 3rd period - Wrist shot by Raphael Lavoie.
6:42 of 3rd period - Stopped by Dustin Wolf with a rebound.
6:44 of 3rd period - Slapshot by William Villeneuve.
6:44 of 3rd period - Deflect By Maxime Comtois.
6:44 of 3rd period - Shot Blocked by Nick Cicek.
6:44 of 3rd period - Puck is out of play.
6:45 of 3rd period - Akil Thomas wins face-off versus Samuel Poulin in Adelaide Pink Elephants zone.
7:10 of 3rd period - Alex Chiasson is hit by Fredrik Olofsson and loses puck.
7:19 of 3rd period - Matthew Phillips is hit by Semyon Der-Arguchintsev and loses puck.
7:47 of 3rd period - Wrist shot by Maxime Comtois.
7:47 of 3rd period - Shot Misses the Net.
7:49 of 3rd period - Slapshot by William Villeneuve.
7:49 of 3rd period - Shot Misses the Net.
7:51 of 3rd period - Wrist shot by Alex Chiasson.
7:51 of 3rd period - Shot Blocked by Jacob Bernard-Docker.
7:53 of 3rd period - Wrist shot by Raphael Lavoie.
7:53 of 3rd period - Goal by Raphael Lavoie - Newfoundland Shamrocks : 3 - Adelaide Pink Elephants : 3.
7:54 of 3rd period - Ryan Suzuki wins face-off versus Peter Abbandonato in neutral zone.
8:19 of 3rd period - Jon Merrill is hit by Adam Gaudette and loses puck.
8:41 of 3rd period - Off-side.
8:42 of 3rd period - Tanner Laczynski wins face-off versus Matthew Phillips in neutral zone.
9:53 of 3rd period - Snap shot by Semyon Der-Arguchintsev.
9:53 of 3rd period - Deflect By Tanner Laczynski.
9:53 of 3rd period - Shot Blocked by Benjamin Gleason.
9:53 of 3rd period - Puck is out of play.
9:54 of 3rd period - Raphael Lavoie wins face-off versus Matthew Phillips in Adelaide Pink Elephants zone.
9:55 of 3rd period - Wrist shot by Alex Chiasson.
9:55 of 3rd period - Deflect By Maxime Comtois.
9:55 of 3rd period - Shot Misses the Net.
9:55 of 3rd period - Puck is out of play.
9:56 of 3rd period - Tyson Foerster wins face-off versus Raphael Lavoie in Adelaide Pink Elephants zone.
10:09 of 3rd period - Wrist shot by Alex Chiasson.
10:09 of 3rd period - Stopped by Dustin Wolf with a rebound.
10:35 of 3rd period - Adam Gaudette is hit by Peter Abbandonato and loses puck.
10:58 of 3rd period - Slapshot by Axel Jonsson-Fjallby.
10:58 of 3rd period - Shot Blocked by Dylan Coghlan.
11:04 of 3rd period - Nick Cicek is hit by Samuel Poulin.
11:45 of 3rd period - Icing by Matthew Phillips.
11:46 of 3rd period - Adam Gaudette wins face-off versus Semyon Der-Arguchintsev in Adelaide Pink Elephants zone.
11:57 of 3rd period - AJ Greer is hit by Tanner Laczynski and loses puck.
12:38 of 3rd period - Slapshot by Ryan Suzuki.
12:38 of 3rd period - Stopped by Casey DeSmith with a rebound.
13:19 of 3rd period - Drew O'Connor is hit by Matthew Phillips and loses puck.
13:38 of 3rd period - Nick Cicek is hit by Jon Merrill and loses puck.
14:23 of 3rd period - Snap shot by Ryan Suzuki.
14:23 of 3rd period - Stopped by Casey DeSmith with a rebound.
14:33 of 3rd period - Nick Cicek is hit by Dylan Coghlan and loses puck.
14:48 of 3rd period - Snap shot by Axel Jonsson-Fjallby.
14:48 of 3rd period - Stopped by Casey DeSmith with a rebound.
14:56 of 3rd period - Wrist shot by Axel Jonsson-Fjallby.
14:56 of 3rd period - Stopped by Casey DeSmith without a rebound.
14:57 of 3rd period - Raphael Lavoie wins face-off versus Matthew Phillips in Newfoundland Shamrocks zone.
15:22 of 3rd period - Zachary Jones is hit by Samuel Poulin and loses puck.
15:54 of 3rd period - Icing by Denis Gurianov.
15:55 of 3rd period - Semyon Der-Arguchintsev wins face-off versus Adam Gaudette in Adelaide Pink Elephants zone.
15:56 of 3rd period - Snap shot by Alex Galchenyuk.
15:56 of 3rd period - Shot Blocked by Zachary Jones.
16:12 of 3rd period - Ville Heinola is hit by Alex Galchenyuk and loses puck.
16:18 of 3rd period - Zachary Jones is hit by Alex Galchenyuk and loses puck.
16:28 of 3rd period - Minor Penalty to Semyon Der-Arguchintsev for Hooking.
16:29 of 3rd period - Matthew Phillips wins face-off versus Peter Abbandonato in Newfoundland Shamrocks zone.
17:25 of 3rd period - Dylan Coghlan is hit by Matthew Phillips and loses puck.
18:28 of 3rd period - Penalty to Semyon Der-Arguchintsev is over, Semyon Der-Arguchintsev is back on ice.
19:15 of 3rd period - Denis Gurianov is hit by Alex Chiasson and loses puck.
19:26 of 3rd period - Dylan Coghlan is hit by Ville Heinola and loses puck.
Goals for this period are 2 for Newfoundland Shamrocks vs 1 for Adelaide Pink Elephants.
Shots for this period are 5 for Newfoundland Shamrocks vs 5 for Adelaide Pink Elephants.
Overtime #1
0:01 of 1st overtime period - Matthew Phillips wins face-off versus Raphael Lavoie in neutral zone.
0:04 of 1st overtime period - Jon Merrill is hit by AJ Greer and loses puck.
1:44 of 1st overtime period - Jon Merrill is hit by Adam Gaudette and loses puck.
3:33 of 1st overtime period - Aatu Raty is hit by Dylan Coghlan and loses puck.
4:04 of 1st overtime period - Jon Merrill is hit by Zachary Jones and loses puck.
Goals for this period are 0 for Newfoundland Shamrocks vs 0 for Adelaide Pink Elephants.
Shots for this period are 0 for Newfoundland Shamrocks vs 0 for Adelaide Pink Elephants.
ShootOut
5:00 of 1st overtime period - Round #1.
5:00 of 1st overtime period - Newfoundland Shamrocks, Raphael Lavoie.
5:00 of 1st overtime period - Snap shot by Raphael Lavoie.
5:00 of 1st overtime period - Goal by Raphael Lavoie.
5:00 of 1st overtime period - Adelaide Pink Elephants, Denis Gurianov.
5:00 of 1st overtime period - Snap shot by Denis Gurianov.
5:00 of 1st overtime period - Stopped by Casey DeSmith.
5:00 of 1st overtime period - Round #2.
5:00 of 1st overtime period - Newfoundland Shamrocks, William Dufour.
5:00 of 1st overtime period - Wrist shot by William Dufour.
5:00 of 1st overtime period - Goal by William Dufour.
5:00 of 1st overtime period - Adelaide Pink Elephants, Adam Gaudette.
5:00 of 1st overtime period - Backhand shot by Adam Gaudette.
5:00 of 1st overtime period - Shot Misses the Net.
5:00 of 1st overtime period - Round #3.
Back to the Top